 Dungeon Crawl Stone Soup version 0.29-a0-819-g94b489e0ae (webtiles) character file.

Game seed: 918831131987389568

18 nicolae the Changer (level 2, -9/21 HPs)
             Began as a Demonspawn Transmuter on July 6, 2022.
             Mangled by a gnoll
             ... wielding a +0 halberd
              (10 damage)
             ... on level 3 of the Dungeon.
             The game lasted 00:01:59 (1130 turns).

nicolae the Changer (Demonspawn Transmuter)         Turns: 1130, Time: 00:01:59

Health: -9/21      AC:  2    Str: 10    XL:     2   Next: 48%
Magic:  0/5        EV: 12    Int: 14    God:
Gold:   48         SH:  0    Dex: 13    Spells: 2/5 levels left

rFire   . . .      SeeInvis .     - Unarmed
rCold   . . .      Faith    .   (no shield)
rNeg    + . .      Spirit   .   a - +0 robe
rPois   .          Reflect  .   (helmet currently unavailable)
rElec   .          Harm     .   (no cloak)
rCorr   .          Rampage  .   (no gloves)
Will    .....                   (boots currently unavailable)
Stlth   +.........              (no amulet)
HPRegen 0.07/turn               d - ring of positive energy
MPRegen 0.09/turn               (no ring)

@: appendages, wereblooded, very slightly contaminated
A: horns 2, talons 2, spiny 1
a: End Transformation


You were on level 3 of the Dungeon.
You had temporarily grown beastly horns and talons.
You visited 1 branch of the dungeon, and saw 4 of its levels.

You collected 48 gold pieces.

Inventory:

Armour
 a - a +0 robe (worn)
Jewellery
 d - a ring of positive energy (left hand)
Scrolls
 e - a scroll of identify {unknown}
 i - a scroll of fear {unknown}
Potions
 b - a potion of lignification
 c - a potion of mutation {unknown}
 f - a potion of invisibility {unknown}
 g - a potion of flight {unknown}
 h - a potion of brilliance {unknown}


   Skills:
 - Level 1.0 Fighting
 - Level 1.7 Dodging
 - Level 2.6 Unarmed Combat
 - Level 2.0 Spellcasting
 + Level 2.9 Transmutations


You had 2 spell levels left.
You knew the following spells:

 Your Spells              Type           Power      Damage    Failure   Level
a - Beastly Appendage     Tmut           18%        N/A       8%          1
b - Wereblood             Tmut           9%         N/A       11%         2

Your spell library contained the following spells:

 Spells                   Type           Power      Damage    Failure   Level
 Spider Form              Tmut/Pois      5%         N/A       36%         3
 Ice Form                 Ice/Tmut       5%         N/A       78%         4
 Summon Forest            Summ/Tloc      0%         N/A       100%        5
 Summon Mana Viper        Hex/Summ       1%         N/A       100%        5
 Summon Cactus Giant      Summ           0%         N/A       100%        6


Dungeon Overview and Level Annotations

Branches:
Dungeon (4/15)
 Temple: D:4-7

Altars:


Innate Abilities, Weirdness & Mutations

You have temporarily grown beastly horns and talons.
You are partially covered in sharp spines.


Message History

Your horns disappear.
Your talons disappear.
A ball python comes into view.
Found a scroll labelled KILUQAG MOERCH.
Found a stone staircase leading up.
Found a stone staircase leading up.
Found a chain mail and a leather armour.
There is a stone staircase leading up here.
You climb upwards.
Found a fuming golden potion and a scroll labelled MASHRA UMAMUCRO.
There is a stone staircase leading down here.
h - a fuming golden potion
i - a scroll labelled MASHRA UMAMUCRO 3 gnolls come into view.
The gnoll shouts!
You hear a shout!
The gnoll misses you.
A gnoll comes into view. It is wielding a +0 whip.
The gnoll shouts!
The gnoll misses you.
Casting: Beastly Appendage (safe; 8% risk of failure)
Confirm with . or Enter, or press ? or * to list all spells.
You grow a pair of large bovine horns.
Your feet morph into talons.
Casting: Beastly Appendage (safe; 8% risk of failure)
Confirm with . or Enter, or press ? or * to list all spells.
You miscast Wereblood.
You are very lightly contaminated with residual magic.
Nothing appears to happen.
The gnoll closely misses you.
Casting: Wereblood (safe; 11% risk of failure)
Confirm with . or Enter, or press ? or * to list all spells.
Your blood is infused with primal strength.
The gnoll hits you from afar with a +0 spear.
You closely miss the gnoll. Your headbutt misses the gnoll.
You closely miss the gnoll.
You headbutt the gnoll, but do no damage.
The gnoll hits you from afar with a +0 spear.
The gnoll hits you with a +0 halberd!
* * * LOW HITPOINT WARNING * * *
You hit the gnoll but do no damage. Your kick misses the gnoll.
You headbutt the gnoll!
The gnoll is heavily wounded.
The gnoll is struck by your spines. The gnoll hits you with a +0 halberd!
You die...

###############
....g..........
#.g...g#
#.####g# #g#
#g# ##
#@#####..
#.#......
#.#......
#.#......
#........ #
#........
..#..#..######
........>.....#
8........######


You could see 4 gnolls.

Vanquished Creatures
  3 ball pythons (D:1)
  4 bats (D:1)
  2 endoplasms
  2 goblins (D:1)
  A hobgoblin (D:1)
  A kobold (D:1)
  4 rats (D:1)
17 creatures vanquished.

Notes
Turn   | Place    | Note
-------+----------+-------------------------------------------
     0 | D:1      | nicolae the Demonspawn Transmuter began the quest for the
                  | Orb.
     0 | D:1      | Reached XP level 1. HP: 15/15 MP: 3/3
   338 | D:1      | Gained mutation: You are partially covered in sharp spines.
                  | [demonic ancestry]
   338 | D:1      | Reached XP level 2. HP: 8/21 MP: 3/5
   524 | D:1      | Learned a level 2 spell: Wereblood
   633 | D:1      | Found a faded altar of an unknown god.
  1075 | D:2      | You fall into a shaft and drop 2 floors!
  1129 | D:3      | HP: 1/21 [gnoll/+0 halberd (9)]
  1130 | D:3      | Mangled by a gnoll

Illustrated notes

Levels and vault maps discovered:
D:1:      amcnicky_arrival_single_pillar, layout_loops_ring,
          shapermc_ecumenical_altar_flowoftime
D:2:      layout_rooms, lemuel_old_faithful, uniq_sigmund, uniq_robin
D:3:      layout_basic, general_overflow_altar, serial_shops, shop_statue,
          item_on_display_a
D:4:      layout_rooms

Skill      XL: |  1 |
---------------+----+-----
Transmutations | 2 |  2.9
Fighting       | |  1.0
Dodging        | |  1.7
Unarmed Combat | |  2.6
Spellcasting   | |  2.0

Action                   || total
-------------------------++-------
Melee: Unarmed           ||    42
       Kick              ||     4
       Headbutt          ||     4
 Cast: Beastly Appendage ||    13
       Wereblood         ||     1
 Stab: Sleeping          ||     4
Armor: Robe              ||    11
Dodge: Dodged            ||    21

Table legend: (Time is in decaauts)
 A = Elapsed time spent in this place.
 B = Non-inter-level travel time spent in this place.
 C = Inter-level travel time spent in this place.
 D = Time resting spent in this place.
 E = Time spent auto-exploring this place.
 F = Levels seen in this place.
 G = Mean time per level.
                   A        B        C        D        E       F      G
               +--------+--------+--------+--------+--------+-----+--------+
         Total |   1126 |   1095 |     31 |    182 |    758 |   4 |  281.5 |
       Dungeon |   1126 |   1095 |     31 |    182 |    758 |   4 |  281.5 |
               +--------+--------+--------+--------+--------+-----+--------+

Top non-repeatable levels by time:
     D:1: 1072 daAuts
     D:4: 29 daAuts
     D:3: 24 daAuts
